 Dungeon Crawl Stone Soup version 0.29.0-4-gdea44cf6ec (webtiles) character file.

Game seed: 10503792545536159781

359 qw the Chopper (level 6, -14/51 HPs)
             Began as a Minotaur Fighter on Sept 5, 2022.
             Demolished by Duvessa
             ... wielding a +0 short sword
              (16 damage)
             ... on level 5 of the Dungeon.
             The game lasted 00:01:33 (4300 turns).

qw the Chopper (Minotaur Fighter)                   Turns: 4300, Time: 00:01:34

Health: -14/51     AC: 14    Str: 22    XL:     6   Next: 37%
Magic:  5/5        EV:  6    Int:  5    God:
Gold:   252        SH:  4    Dex: 10    Spells: 5/5 levels left

rFire   . . .      SeeInvis .   Y - +0 war axe
rCold   . . .      Faith    .   c - +0 buckler
rNeg    . . .      Spirit   .   j - +3 plate armour
rPois   .          Reflect  .   (helmet restricted)
rElec   .          Harm     .   (no cloak)
rCorr   .          Rampage  .   (no gloves)
Will    .....                   (no boots)
Stlth   ..........              (no amulet)
HPRegen 0.17/turn               (no ring)
MPRegen 0.09/turn               (no ring)

@: no status effects
A: horns 2, retaliatory headbutt
a: no special abilities


You were on level 5 of the Dungeon.
You visited 1 branch of the dungeon, and saw 5 of its levels.
You also visited: Sewer.

You collected 252 gold pieces.


Innate Abilities, Weirdness & Mutations

You have a pair of horns on your head.
You reflexively headbutt those who attack you in melee.


   Skills:
 + Level 3.6 Fighting
 - Level 7.1 Axes
 - Level 1.0 Throwing
 - Level 3.6 Armour
 - Level 3.2 Dodging
 - Level 3.6 Shields


You had 5 spell levels left.
You didn't know any spells.
Your spell library was empty.

Inventory:

Hand Weapons
 e - a +0 flail
 Y - a +0 war axe (weapon)
Missiles
 g - 2 javelins (quivered)
Armour
 c - a +0 buckler (worn)
 j - a +3 plate armour (worn)
Scrolls
 b - a scroll of identify
Potions
 d - 3 potions of might
 h - a potion of haste {unknown}
 k - a potion of mutation {unknown}
 n - a potion of curing {unknown}

Dungeon Overview and Level Annotations

Branches:
Dungeon (5/15)             Temple (0/1) D:4           Sewer (visited)

Altars:
Qazlal
Yredelemnul

Annotations:
D:2 1 runed translucent door, Crazy Yiuf
D:5 Duvessa


Message History

Duvessa hits you but does no damage. Dowan barely misses you.
You hit Dowan. Your headbutt misses Dowan.
Dowan is almost dead.
You hit Duvessa but do no damage. Duvessa hits you with a +0 short sword.
Dowan hits you but does no damage.
You closely miss Dowan.
Dowan is almost dead.
You hit Duvessa. Duvessa hits you but does no damage.
Dowan hits you but does no damage.
Dowan points at you and mumbles some strange words.
The puff of frost hits you but does no damage.
Duvessa hits you with a +0 short sword!
You closely miss Dowan. You headbutt Dowan.
You kill Dowan!
Duvessa weeps, and shakes her weapon.
Duvessa goes berserk!
You closely miss Duvessa. Duvessa hits you but does no damage.
Your Axes skill increases to level 7!
You barely miss Duvessa.
Duvessa is lightly wounded.
Duvessa hits you with a +0 short sword! Duvessa hits you but does no damage.
You slash Duvessa!
Duvessa is moderately wounded.
Duvessa hits you with a +0 short sword! x2
You barely miss Duvessa.
Duvessa is moderately wounded.
Duvessa barely misses you. Duvessa hits you but does no damage.
You hit Duvessa. You headbutt Duvessa.
Duvessa is heavily wounded.
Duvessa closely misses you. Duvessa hits you with a +0 short sword.
You hit Duvessa.
Duvessa is heavily wounded.
Duvessa barely misses you. You furiously retaliate!
You headbutt Duvessa! You hit Duvessa but do no damage.
Your headbutt misses Duvessa.
Duvessa is severely wounded.
You block Duvessa's attack. Duvessa hits you with a +0 short sword.
You completely miss Duvessa.
Duvessa is severely wounded.
Duvessa hits you with a +0 short sword!
You die...

## .# # .# .#
.#################.#####
.................e>...).
##########......@#.#####
..# #.#####)# .. ..+ #.#
#... ... ..### #.# ###.#
### ..... #.. ... ..###
#.. ..# .)# #.# #.# ...
#.# .# ...


You could see Duvessa (berserk).

Vanquished Creatures
  Pargi (Sewer)
  Dowan (D:5)
  2 orc priests
  An iguana (D:5)
  4 adders
  2 worms
  2 dart slugs
  9 orcs
  8 endoplasms
  4 giant cockroaches
  5 goblins
  3 hobgoblins
  2 jackals (D:4)
  4 kobolds
  2 quokkas
  8 ball pythons
  11 bats
  3 frilled lizards (D:1)
  11 rats
  A spectral orc (D:4)
84 creatures vanquished.

Vanquished Creatures (others)
  A kraken (D:1)
  A ghoul (D:1)
  2 minotaurs (D:1)
  A demonspawn (D:1)
  A gargoyle (D:1)
  An elf (D:1)
  A merfolk (D:1)
  A troll (D:1)
  A naga (D:1)
  A demigod (D:1)
  A dwarf (D:1)
  A tengu (D:1)
  2 kobolds (D:1)
  14 tentacles (D:1)
29 creatures vanquished.

Grand Total: 113 creatures vanquished

Notes
Turn   | Place    | Note
-------+----------+-------------------------------------------
     0 | D:1      | qw the Minotaur Fighter began the quest for the Orb.
     0 | D:1      | Reached XP level 1. HP: 19/19 MP: 0/0
     0 | D:1      | 0 ||| qw: Version: 0.1-a-104-g96f76f8
     0 | D:1      | 0 ||| qw: Game counter: 6010
     0 | D:1      | 0 ||| qw: Always use a shield: true
     0 | D:1      | 0 ||| qw: God list: Ru
     0 | D:1      | 0 ||| qw: Allow faded altars: false
     0 | D:1      | 0 ||| qw: Do Orc after D:15 true
     0 | D:1      | 0 ||| qw: Do second Lair branch before Depths: true
     0 | D:1      | 0 ||| qw: Lair rune preference: random
     0 | D:1      | 0 ||| qw: Plans: Normal
     0 | D:1      | 0 ||| PLANNING D:1-11
     2 | D:1      | Noticed a minotaur
     2 | D:1      | Noticed a ghoul
     2 | D:1      | Noticed a gargoyle
     2 | D:1      | Noticed a merfolk
     2 | D:1      | Noticed a dwarf
     2 | D:1      | Noticed a demigod
     2 | D:1      | Noticed a troll
     2 | D:1      | Noticed a kraken
     2 | D:1      | Noticed a demonspawn
     2 | D:1      | Noticed a tengu
     2 | D:1      | Noticed a minotaur
     2 | D:1      | Noticed an elf
     2 | D:1      | Noticed a naga
     2 | D:1      | Noticed a ghoul
     3 | D:1      | Killed a gargoyle
     4 | D:1      | Killed a tengu
     7 | D:1      | Killed a demigod
    13 | D:1      | Killed a ghoul
    16 | D:1      | Killed an elf
    21 | D:1      | Killed a merfolk
    23 | D:1      | Killed a dwarf
    23 | D:1      | Killed a minotaur
    25 | D:1      | Killed a minotaur
    26 | D:1      | Killed a demonspawn
    26 | D:1      | Killed a troll
    27 | D:1      | Killed a naga
    29 | D:1      | Killed a kraken
   182 | D:1      | Reached skill level 3 in Axes
   276 | D:1      | 276 ||| Stepping ~*~*~tactically~*~*~ (stealth).
   277 | D:1      | 277 ||| Stepping ~*~*~tactically~*~*~ (stealth).
   282 | D:1      | Reached XP level 2. HP: 26/26 MP: 1/1
   925 | D:1      | 925 ||| READING scroll labelled PICOIXZ TOTU.
   942 | D:2      | Reached skill level 4 in Axes
  1056 | D:2      | 1056 ||| DROPPING +0 whip.
  1095 | D:2      | Reached XP level 3. HP: 31/31 MP: 2/2
  1243 | D:2      | 1243 ||| DROPPING +2 hammer of venom.
  1244 | D:2      | Found a runed translucent door.
  1245 | D:2      | Noticed Crazy Yiuf
  1301 | D:2      | 1301 ||| Stepping ~*~*~tactically~*~*~ (hiding).
  1428 | D:2      | Reached skill level 5 in Axes
  1802 | D:2      | 1802 ||| UPGRADING to +0 chain mail.
  1812 | D:2      | 1812 ||| DROPPING +0 scale mail.
  1813 | D:2      | 1813 ||| READING scroll labelled BYMUSCH AXTE.
  1814 | D:2      | 1814 ||| READING scroll labelled AGHOOPLOPUS.
  1815 | D:2      | 1815 ||| READING scroll labelled ITOYWI TEMAG.
  1881 | D:3      | 1881 ||| PLANNING SEWER
  1969 | D:3      | Found a glowing drain.
  1970 | D:3      | 1970 ||| READING 3 scrolls labelled ONAS RATZE QEBEKH.
  1971 | D:3      | 1971 ||| READING scroll labelled LIBIPA CELEH.
  1972 | D:3      | 1972 ||| DROPPING 2 scrolls of butterflies.
  1984 | Sewer    | Entered a sewer
  1994 | Sewer    | Reached XP level 4. HP: 39/39 MP: 3/3
  2015 | Sewer    | Noticed Pargi
  2028 | Sewer    | Killed Pargi
  2029 | Sewer    | Reached skill level 3 in Dodging
  2029 | Sewer    | Reached XP level 5. HP: 29/45 MP: 4/4
  2159 | Sewer    | 2159 ||| READING 2 scrolls labelled MIUSSIRPH DIOTTE.
  2160 | Sewer    | 2160 ||| DRINKING 3 sedimented grey potions.
  2161 | Sewer    | 2161 ||| DROPPING 2 potions of attraction.
  2182 | D:3      | 2182 ||| PLANNING D:1-11
  2320 | D:3      | 2320 ||| DROPPING +0 mace of protection.
  2333 | D:3      | Reached skill level 1 in Throwing
  2581 | D:3      | 2581 ||| FLEEEEING.
  2582 | D:3      | 2582 ||| FLEEEEING.
  2584 | D:3      | 2584 ||| FLEEEEING.
  2585 | D:3      | 2585 ||| FLEEEEING.
  2588 | D:3      | 2588 ||| FLEEEEING.
  2589 | D:3      | 2589 ||| FLEEEEING.
  2592 | D:3      | 2592 ||| FLEEEEING.
  2593 | D:3      | 2593 ||| FLEEEEING.
  2594 | D:3      | 2594 ||| FLEEEEING.
  2755 | D:3      | Found a stormy altar of Qazlal.
  2949 | D:3      | 2949 ||| READING scroll labelled YSUMIS ZADIAHI.
  2950 | D:3      | 2950 ||| DRINKING 2 grey potions.
  2951 | D:3      | 2951 ||| DRINKING 2 fuming blue potions.
  2978 | D:3      | 2978 ||| READING 2 scrolls of identify.
  2978 | D:3      | 2978 ||| IDENTIFYING yellow potion
  2979 | D:3      | 2979 ||| DROPPING potion of flight.
  2980 | D:3      | 2980 ||| DROPPING potion of magic.
  2981 | D:3      | 2981 ||| DROPPING potion of lignification.
  3010 | D:4      | 3010 ||| Stepping ~*~*~tactically~*~*~ (stealth).
  3013 | D:4      | 3013 ||| Stepping ~*~*~tactically~*~*~ (stealth).
  3045 | D:4      | 3045 ||| Stepping ~*~*~tactically~*~*~ (stealth).
  3232 | D:4      | Found a basalt altar of Yredelemnul.
  3467 | D:4      | 3467 ||| Stepping ~*~*~tactically~*~*~ (stealth).
  3477 | D:4      | Reached skill level 6 in Axes
  3554 | D:4      | Identified the +7 lajatang of Temperance {vorpal, rF+ Str+4
                  | Stlth+}
  3596 | D:4      | Found a staircase to the Ecumenical Temple.
  3781 | D:4      | 3781 ||| UPGRADING to +0 plate armour.
  3791 | D:4      | 3791 ||| DROPPING +0 chain mail.
  3792 | D:4      | 3792 ||| READING 3 scrolls of enchant armour.
  3792 | D:4      | 3792 ||| ENCHANTING +0 plate armour.
  3793 | D:4      | 3793 ||| READING 2 scrolls of enchant armour.
  3793 | D:4      | 3793 ||| ENCHANTING +1 plate armour.
  3794 | D:4      | 3794 ||| READING scroll of enchant armour.
  3794 | D:4      | 3794 ||| ENCHANTING +2 plate armour.
  3795 | D:4      | 3795 ||| READING scroll labelled SEUMNO VASINK.
  3896 | D:4      | 3896 ||| READING scroll labelled XEITSE GUBYR.
  3897 | D:4      | 3897 ||| READING scroll labelled ETOZXU HOUL.
  4039 | D:5      | Entered Level 5 of the Dungeon
  4102 | D:5      | Reached XP level 6. HP: 39/51 MP: 5/5
  4113 | D:5      | 4113 ||| Stepping ~*~*~tactically~*~*~ (stealth).
  4116 | D:5      | 4116 ||| Stepping ~*~*~tactically~*~*~ (stealth).
  4175 | D:5      | 4175 ||| Stepping ~*~*~tactically~*~*~ (stealth).
  4283 | D:5      | Noticed Dowan
  4283 | D:5      | Noticed Duvessa
  4284 | D:5      | 4284 ||| Stepping ~*~*~tactically~*~*~ (hiding).
  4285 | D:5      | 4285 ||| Stepping ~*~*~tactically~*~*~ (hiding).
  4293 | D:5      | Killed Dowan
  4294 | D:5      | Reached skill level 7 in Axes
  4295 | D:5      | HP: 8/51 [Duvessa/+0 short sword (11)]
  4299 | D:5      | HP: 2/51 [Duvessa/+0 short sword (6)]
  4300 | D:5      | Demolished by Duvessa

Levels and vault maps discovered:
D:1:      nicolae_arrival_kraken_aquarium_b, layout_loops_corners
D:2:      layout_basic, uniq_crazy_yiuf_cottage
D:3:      layout_loops_ring, lemuel_crystal_altar, cheibrodos_sewer_entry_drain
D:4:      layout_loops_ring, yredelemnul_forgotten_temple_becter,
          minmay_temple_entry_from_below_a, dreamdust_princess_bridge
D:5:      layout_basic, pdpol_wu_jian_five_deadly_venoms, serial_shops,
          nicolae_shop_window_shopping, chequers_jeans, uniq_duvessa

Skill      XL: |  1  2  3  4  5  6 |
---------------+-------------------+-----
Axes           | 3 4 5 6 7 |  7.1
Dodging        | 3 |  3.2
Throwing       | 1 |  1.0
Fighting       | |  3.6
Armour         | |  3.6
Shields        | |  3.6

Action                   |  1- 3 |  4- 6 || total
-------------------------+-------+-------++-------
Melee: War axe           |    82 |    93 ||   175
       Headbutt          |    14 |     8 ||    22
Throw: Javelin           |    19 |    21 ||    40
  Use: Scroll            |     6 |     9 ||    15
       Potion            |       |     3 ||     3
Armor: Scale mail        |    23 |       ||    23
       Chain mail        |    19 |    26 ||    45
       Plate armour      |       |    15 ||    15
Dodge: Dodged            |    27 |    44 ||    71
Block: Buckler           |    22 |    15 ||    37

Table legend:
 A = Non-vault XP
 B = Vault XP
 C = Vault XP percentage of total XP
 D = Non-vault monster count
 E = Vault monster count
 F = Vault count percentage of total count
                 A         B        C        D         E       F
            +---------+---------+-------+---------+---------+-------
      Total |     299 |     215 |  41.8 |      72 |      12 |  14.3
            +---------+---------+-------+---------+---------+-------
        D:1 |      28 |       0 |   0.0 |      20 |       0 |   0.0
        D:2 |      57 |       0 |   0.0 |      19 |       0 |   0.0
        D:3 |      81 |       5 |   5.8 |      17 |       3 |  15.0
        D:4 |      31 |       1 |   3.1 |      10 |       1 |   9.1
        D:5 |     102 |      72 |  41.4 |       6 |       1 |  14.3
      Sewer |       0 |     137 | 100.0 |       0 |       7 | 100.0
            +---------+---------+-------+---------+---------+-------
